 Dungeon Crawl Stone Soup version 0.27.1-3-gb3d3a73c9e (webtiles) character file.

Game seed: 14744795722601173056

59 Urokeeper the Sneak (level 3, 0/28 HPs)
             Began as a Vampire Brigand on Oct 19, 2021.
             Slain by a gnoll (6 damage)
             ... on level 2 of the Dungeon.
             The game lasted 00:03:29 (1003 turns).

Urokeeper the Sneak (Vampire Brigand)               Turns: 1003, Time: 00:03:29

Health: 0/28       AC:  6    Str: 11    XL:     3   Next: 78%
Magic:  3/3        EV: 11    Int: 13    God:
Gold:   39         SH:  0    Dex: 15    Spells: 2/2 levels left

rFire    . . .     SeeInvis +   o - +0 short sword
rCold    . . .     Faith    .   (no shield)
rNeg     . . .     Spirit   .   p - +0 ring mail
rPois    .         Reflect  .   (no helmet)
rElec    .         Harm     .   c - +0 cloak
rCorr    .         Rampage  .   (no gloves)
Will     .....                  (no boots)
Stlth    +++.......             (no amulet)
HPRegen  0.29/turn              (no ring)
MPRegen  0.08/turn              (no ring)

@: healing quickly
A: alive, fangs 3, see invisible, vampiric 2
a: Exsanguinate


You were on level 2 of the Dungeon.
You visited 1 branch of the dungeon, and saw 2 of its levels.

You collected 39 gold pieces.

Inventory:

Hand Weapons
 a - a +2 dagger
 o - a +0 short sword (weapon)
Missiles
 d - 22 poisoned darts (quivered)
 e - 2 curare-tipped darts
Armour
 b - a +0 robe
 c - a +0 cloak (worn)
 p - a +0 ring mail (worn)
Scrolls
 f - a scroll of fog {unknown}
 g - a scroll of identify {unknown}
 h - 2 scrolls of noise {unknown}
 j - a scroll of holy word {unknown}
 k - 2 scrolls of teleportation {unknown}
 l - a scroll of amnesia {unknown}
 m - a scroll of immolation {unknown}
 n - a scroll of silence {unknown}
Potions
 i - 2 potions of attraction {unknown}


   Skills:
 + Level 2.4 Fighting
 + Level 2.9 Short Blades
 - Level 1.5 Throwing
 + Level 2.2 Dodging
 + Level 6.5 Stealth


You had 2 spell levels left.
You didn't know any spells.
Your spell library contained the following spells:

 Spells                   Type           Power      Damage    Failure   Level
 Shock                    Conj/Air       0%         1d3       58%         1
 Swiftness                Air            0%         N/A       92%         3
 Airstrike                Air            0%         N/A       100%        4


Dungeon Overview and Level Annotations

Branches:
Dungeon (2/15)

Altars:

Shops:
D:1 [


Innate Abilities, Weirdness & Mutations

Your natural rate of healing is accelerated.
You have razor-sharp teeth.
You have supernaturally acute eyesight. (SInv)
You are afflicted with vampirism and can become a bat while bloodless.


Message History

The hobgoblin is heavily wounded.
The hobgoblin hits you.
You closely miss the hobgoblin.
The hobgoblin is heavily wounded.
The hobgoblin closely misses you.
You hit the hobgoblin.
You kill the hobgoblin!
Throw: 23 darts (poison)
Press: ? - help, Q - select action, (/) - cycle Shift-Dir - straight line, f - gnoll
Aim: a gnoll, wielding a +0 spear (63% to hit)
You throw a poisoned dart.
The poisoned dart barely misses the gnoll.
An adder comes into view.
There is an open door here.
You see here a +0 flail.
The gnoll hits you with a +0 spear.
You see here a +0 flail.
You hit the gnoll.
The gnoll is moderately wounded.
The gnoll hits you from afar with a +0 halberd!
Ouch! That really hurt!
The gnoll barely misses you.
You barely miss the gnoll.
The gnoll is moderately wounded.
The gnoll barely misses you. The gnoll hits you with a +0 spear.
You closely miss the gnoll. Your bite misses the gnoll.
The gnoll is moderately wounded.
The gnoll hits you from afar with a +0 halberd.
* * * LOW HITPOINT WARNING * * *
The gnoll hits you with a +0 spear.
* * * LOW HITPOINT WARNING * * *
You barely miss the gnoll.
The gnoll is moderately wounded.
The gnoll closely misses you. x2
You hit the gnoll.
The gnoll is severely wounded.
The gnoll hits you from afar with a +0 halberd.
* * * LOW HITPOINT WARNING * * *
The gnoll hits you with a +0 spear.
You die...

##........# #.#.##.# ##
..........## #......###
###+#####..# #........#
..#.######'#####.÷(....##
.................#'##..#
#.#.#####.....####.##..#
#.#..†........+........#
..#.....#.....####.###+#########+
.##..##......^..@gg..........#...
.##..##)...#######.#.........#...
.##...)##..........'.........#...
.##..#)##.#>.#####.#.........#...
.##..........#.....#######.......
.###.#.....#.#.##..# #.....#'#'#+
#.###.#.#.).##..# #...........
#.# #.#.#...##..# #...........
#.#.#...##..#######...(...


You could see 2 gnolls.

Vanquished Creatures
  A gnoll (D:2)
  An adder (D:2)
  A worm (D:2)
  A dart slug (D:1)
  4 ball pythons
  3 bats
  6 endoplasms
  A giant cockroach (D:1)
  2 goblins
  2 hobgoblins (D:2)
  4 kobolds
  2 quokkas (D:1)
  4 frilled lizards
  2 rats
34 creatures vanquished.

Notes
Turn   | Place    | Note
-------+----------+-------------------------------------------
     0 | D:1      | Urokeeper the Vampire Brigand began the quest for the Orb.
     0 | D:1      | Reached XP level 1. HP: 16/16 MP: 1/1
    84 | D:1      | Reached skill level 6 in Stealth
    93 | D:1      | Reached XP level 2. HP: 16/22 MP: 2/2
   187 | D:1      | Found Hyll's Antique Armour Emporium.
   365 | D:1      | Found a faded altar of an unknown god.
   593 | D:2      | Gained mutation: You are afflicted with vampirism and can
                  | become a bat while bloodless. [Vampire growth]
   593 | D:2      | Reached XP level 3. HP: 27/27 MP: 3/3
  1003 | D:2      | Slain by a gnoll

Illustrated notes

Levels and vault maps discovered:
D:1:      noname_arrival_rooms_in_the_neighbourhood, layout_rooms,
          shapermc_ecumenical_altar_acropolis, serial_shops, shop,
          minmay_small_reverse_x
D:2:      layout_basic, minmay_tetromino_o2

Skill      XL: |  1  2  3 |
---------------+----------+-----
Stealth        | 6 |  6.5
Fighting       | 2 |  2.4
Dodging        | 2 |  2.2
Short Blades   | |  2.9
Throwing       | |  1.5

Action                   || total
-------------------------++-------
Melee: Dagger            ||    64
       Bite              ||     9
       Short sword       ||    14
Throw: Dart              ||     3
 Stab: Sleeping          ||    15
Armor: Robe              ||    13
       Ring mail         ||     1
Dodge: Dodged            ||    37
